PBL
DETROIT RED WINGS @ LONDON MAJORS
05/19/2047
 
TOP OF THE 1ST
Detroit Red Wings batting - Pitching for London Majors : LHP Frank Cota
Pitching: LHP Frank Cota
Batting: RHB António Scarlett 0-0: Ball
1-0: Ball
2-0: Called Strike
2-1: Ball
3-1: Base on Balls
Batting: LHB Duda Pinho 0-0: Fielders Choice at 2nd, 5-4 (Groundball, 15, EV 87.5 MPH)
Batting: RHB Norm Wood 0-0: Ball
1-0: Called Strike
1-1: Foul Ball, location: 2F
1-2: Ball
2-2: Ball
3-2: Fielders Choice at 2nd, 6-4 (Groundball, 56, EV 85.6 MPH)
Batting: RHB Jorge Lebron 0-0: Ball
1-0: Called Strike
1-1: Ball
2-1: Foul Ball, location: 2F
2-2: Strikes out looking
Top of the 1st over - 0 runs, 0 hits, 0 errors, 1 left on base; Detroit 0 - London 0
BOTTOM OF THE 1ST
London Majors batting - Pitching for Detroit Red Wings : RHP Andy Strange
Pitching: RHP Andy Strange
Batting: LHB Nate Greening 0-0: Ball
1-0: Ball
2-0: Called Strike
2-1: SINGLE (Line Drive, 6D, EV 106.2 MPH)
Batting: LHB Ron de Vos 0-0: Called Strike
0-1: Called Strike
0-2: Foul Ball, location: 2F
0-2: Strikes out looking
Batting: RHB Mark Noftall 0-0: Ball
1-0: Swinging Strike
1-1: Swinging Strike
1-2: Ball
2-2: SINGLE (Groundball, 15S, EV 65.0 MPH) (infield hit)
Nate Greening to second
Batting: RHB Akira Kubo 0-0: Ball
1-0: Fielders Choice at 2nd, 6-4 (Groundball, 56, EV 81.2 MPH)
Nate Greening to third
Batting: RHB Brandon Williams 0-0: Ball
1-0: Called Strike
1-1: Foul Ball, location: 2F
1-2: Ground out 4-3 (Groundball, P, EV 86.9 MPH)
Bottom of the 1st over - 0 runs, 2 hits, 0 errors, 2 left on base; Detroit 0 - London 0
TOP OF THE 2ND
Detroit Red Wings batting - Pitching for London Majors : LHP Frank Cota
Batting: SHB Isaiah Bias 0-0: Foul Ball, location: 2F
0-1: Foul Ball, location: 2F
0-2: Ball
1-2: Fly out, F9 (Flyball, 9LS, EV 88.1 MPH)
Batting: LHB Iestyn Peacock 0-0: Called Strike
0-1: Ball
1-1: Ball
2-1: Fly out, F9 (Flyball, 9, EV 79.4 MPH)
Batting: RHB Dustin Bursell 0-0: Swinging Strike
0-1: Swinging Strike
0-2: Ball
1-2: Ball
2-2: Ball
3-2: Strikes out swinging
Top of the 2nd over - 0 runs, 0 hits, 0 errors, 0 left on base; Detroit 0 - London 0
BOTTOM OF THE 2ND
London Majors batting - Pitching for Detroit Red Wings : RHP Andy Strange
Batting: RHB Carlos Murillo 0-0: Called Strike
0-1: Ball
1-1: Ball
2-1: Ball
3-1: Swinging Strike
3-2: Base on Balls
Batting: RHB Lao-che Zhu 0-0: Ball
1-0: Ball
2-0: Called Strike
2-1: Foul Ball, location: 2F
2-2: Strikes out swinging
Batting: RHB Jorge Alva 0-0: Foul Ball, location: 2F
0-1: Foul Ball, location: 2F
0-2: Strikes out swinging
Batting: RHB Benedikt Fleischmann 0-0: Called Strike
0-1: Ball
1-1: Ball
2-1: Ball
3-1: Fielders Choice at 2nd, U6 (Groundball, 6M, EV 83.1 MPH)
Bottom of the 2nd over - 0 runs, 0 hits, 0 errors, 1 left on base; Detroit 0 - London 0
TOP OF THE 3RD
Detroit Red Wings batting - Pitching for London Majors : LHP Frank Cota
Batting: SHB Franklin Garza 0-0: Foul Ball, location: 2F
0-1: Foul Ball, location: 2F
0-2: Ball
1-2: Foul Ball, location: 2F
1-2: Ball
2-2: Strikes out swinging
Batting: SHB Salvador Lacosta 0-0: Called Strike
0-1: Ball
1-1: Fly out, F7 (Line Drive, 7, EV 96.9 MPH)
Batting: RHB António Scarlett 0-0: SOLO HOME RUN (Flyball, 7D, EV 95.0 MPH), Distance : 377 ft
Batting: LHB Duda Pinho 0-0: Ball
1-0: Ball
2-0: Called Strike
2-1: TRIPLE (Flyball, 8LD, EV 108.1 MPH)
Batting: RHB Norm Wood 0-0: Ball
1-0: SINGLE (Line Drive, 89S, EV 102.5 MPH)
Duda Pinho scores
Batting: RHB Jorge Lebron 0-0: Ball
1-0: Called Strike
1-1: Ball
2-1: Foul Ball, location: 2F
2-2: Ball
3-2: Strikes out looking
Top of the 3rd over - 2 runs, 3 hits, 0 errors, 1 left on base; Detroit 2 - London 0
BOTTOM OF THE 3RD
London Majors batting - Pitching for Detroit Red Wings : RHP Andy Strange
Batting: LHB Nate Greening 0-0: Foul Ball, location: 2F
0-1: Fly out, F4 (Popup, 4, EV 75.0 MPH)
Batting: LHB Ron de Vos 0-0: Called Strike
0-1: Ground out 4-3 (Groundball, 4, EV 101.2 MPH)
Batting: RHB Mark Noftall 0-0: Foul Ball, location: 2F
0-1: Ball
1-1: Called Strike
1-2: SINGLE (Groundball, 25, EV 72.5 MPH) (infield hit)
Batting: RHB Akira Kubo 0-0: Ball
1-0: Ball
2-0: Ball
3-0: Ground out 4-3 (Groundball, 4MS, EV 79.4 MPH)
Bottom of the 3rd over - 0 runs, 1 hit, 0 errors, 1 left on base; Detroit 2 - London 0
TOP OF THE 4TH
Detroit Red Wings batting - Pitching for London Majors : LHP Frank Cota
Batting: SHB Isaiah Bias 0-0: Foul Ball, location: 2F
0-1: Ball
1-1: Called Strike
1-2: Ball
2-2: Strikes out swinging
Batting: LHB Iestyn Peacock 0-0: Fly out, F8 (Flyball, 89S, EV 90.0 MPH)
Batting: RHB Dustin Bursell 0-0: Called Strike
0-1: Ball
1-1: Reached on error, E1 (Groundball, 13, EV 61.9 MPH)
Batting: SHB Franklin Garza 0-0: Ground out U3 (Groundball, 3, EV 86.9 MPH)
Top of the 4th over - 0 runs, 0 hits, 1 error, 1 left on base; Detroit 2 - London 0
BOTTOM OF THE 4TH
London Majors batting - Pitching for Detroit Red Wings : RHP Andy Strange
Batting: RHB Brandon Williams 0-0: Called Strike
0-1: Foul Ball, location: 2F
0-2: Ball
1-2: SINGLE (Groundball, 34D, EV 96.9 MPH)
Batting: RHB Carlos Murillo 0-0: Ball
1-0: Foul Ball, location: 2F
1-1: Foul Ball, location: 2F
1-2: Ball
2-2: TRIPLE (Flyball, 78XD, EV 93.1 MPH)
Brandon Williams scores
Batting: RHB Lao-che Zhu 0-0: Ground out 5-3 (Groundball, 56, EV 81.2 MPH)
Carlos Murillo scores
Batting: RHB Jorge Alva 0-0: Ball
1-0: Ball
2-0: SINGLE (Line Drive, 8LS, EV 89.4 MPH)
Batting: RHB Benedikt Fleischmann 0-0: Ball
1-0: Ball
2-0: Fielders Choice at 2nd, 1-6 (Groundball, 13S, EV 68.1 MPH)
Batting: LHB Nate Greening 0-0: Called Strike
0-1: Foul Ball, location: 2F
0-2: Strikes out swinging
Bottom of the 4th over - 2 runs, 3 hits, 0 errors, 1 left on base; Detroit 2 - London 2
TOP OF THE 5TH
Detroit Red Wings batting - Pitching for London Majors : LHP Frank Cota
Batting: SHB Salvador Lacosta 0-0: Ball
1-0: Ball
2-0: Swinging Strike
2-1: Swinging Strike
2-2: Foul Ball, location: 2F
2-2: Strikes out swinging
Batting: RHB António Scarlett 0-0: Ball
1-0: SINGLE (Groundball, 56, EV 100.6 MPH)
Batting: LHB Duda Pinho 0-0: Called Strike
0-1: Ball
1-1: Swinging Strike
1-2: Strikes out swinging
Batting: RHB Norm Wood 0-0: Called Strike
0-1: Ball
1-1: Ball
2-1: Ball
3-1: Base on Balls
António Scarlett to second
Batting: RHB Jorge Lebron 0-0: Ball
1-0: DOUBLE (Flyball, 89D, EV 91.9 MPH)
António Scarlett scores
Norm Wood to third
Batting: SHB Isaiah Bias 0-0: Swinging Strike
0-1: Ball
1-1: Ball
2-1: Ball
3-1: Ground out 6-3 (Groundball, 56, EV 100.6 MPH)
Top of the 5th over - 1 run, 2 hits, 0 errors, 2 left on base; Detroit 3 - London 2
BOTTOM OF THE 5TH
London Majors batting - Pitching for Detroit Red Wings : RHP Andy Strange
Batting: LHB Ron de Vos 0-0: Ball
1-0: Ball
2-0: Foul Ball, location: 2F
2-1: Foul Ball, location: 2F
2-2: Foul Ball, location: 2F
2-2: Strikes out swinging
Batting: RHB Mark Noftall 0-0: Called Strike
0-1: SINGLE (Line Drive, 4D, EV 96.2 MPH)
Batting: RHB Akira Kubo 0-0: Ball
1-0: Swinging Strike
1-1: Ball
Mark Noftall steals 2nd base
2-1: Ball
3-1: DOUBLE (Line Drive, 7LM, EV 109.4 MPH)
Mark Noftall scores
Batting: RHB Brandon Williams 0-0: Foul Ball, location: 2F
0-1: Foul Ball, location: 2F
0-2: Ball
1-2: Ball
2-2: Fly out, F7 (Flyball, 78D, EV 99.4 MPH)
Runner from 2nd tags up, OUT at 3rd! 7-5
Bottom of the 5th over - 1 run, 2 hits, 0 errors, 0 left on base; Detroit 3 - London 3
TOP OF THE 6TH
Detroit Red Wings batting - Pitching for London Majors : LHP Frank Cota
Batting: LHB Iestyn Peacock 0-0: Ball
1-0: SINGLE (Groundball, 34D, EV 98.1 MPH)
Batting: RHB Dustin Bursell 0-0: Ball
1-0: Fly out, F9 (Flyball, 9LSF, EV 83.8 MPH)
Batting: SHB Franklin Garza 0-0: Foul Ball, location: 2F
0-1: Foul Ball, location: 2F
0-2: Foul Ball, location: 2F
0-2: Ball
1-2: Strikes out swinging
Batting: SHB Salvador Lacosta 0-0: SINGLE (Line Drive, 6MD, EV 94.4 MPH)
Iestyn Peacock to second
Runner from 2nd tries for 3rd, SAFE, throw by CF made to third
Batting: RHB António Scarlett 0-0: Called Strike
0-1: Foul Ball, location: 2F
0-2: Ball
1-2: Strikes out swinging
Top of the 6th over - 0 runs, 2 hits, 0 errors, 2 left on base; Detroit 3 - London 3
BOTTOM OF THE 6TH
London Majors batting - Pitching for Detroit Red Wings : RHP Andy Strange
Batting: RHB Carlos Murillo 0-0: Ball
1-0: Swinging Strike
1-1: Called Strike
1-2: Strikes out swinging
Batting: RHB Lao-che Zhu 0-0: Fly out, F4 (Line Drive, 4, EV 66.9 MPH)
Batting: RHB Jorge Alva 0-0: Ground out 6-3 (Groundball, 6, EV 105.6 MPH)
Bottom of the 6th over - 0 runs, 0 hits, 0 errors, 0 left on base; Detroit 3 - London 3
TOP OF THE 7TH
Detroit Red Wings batting - Pitching for London Majors : LHP Frank Cota
Batting: LHB Duda Pinho 0-0: Ball
1-0: Swinging Strike
1-1: Ball
2-1: Called Strike
2-2: Ball
3-2: Strikes out swinging
Batting: RHB Norm Wood 0-0: Called Strike
0-1: Called Strike
0-2: Ball
1-2: Ball
2-2: Ball
3-2: DOUBLE (Line Drive, 8LXD, EV 98.8 MPH)
Pitching: LHP Kevin Snider
Batting: RHB Jorge Lebron 0-0: Swinging Strike
0-1: Ball
1-1: Foul Ball, location: 2F
1-2: Ball
2-2: Foul Ball, location: 2F
2-2: Fly out, F4 (Popup, 13, EV 73.8 MPH)
Batting: SHB Isaiah Bias 0-0: Ball
1-0: Foul Ball, location: 2F
1-1: Called Strike
1-2: Ball
2-2: Strikes out swinging
Top of the 7th over - 0 runs, 1 hit, 0 errors, 1 left on base; Detroit 3 - London 3
BOTTOM OF THE 7TH
London Majors batting - Pitching for Detroit Red Wings : RHP Andy Strange
Pinch Hitting: RHB Manny Elizondo 0-0: Fly out, F9 (Flyball, 9S, EV 83.8 MPH)
Batting: LHB Nate Greening 0-0: Called Strike
0-1: Swinging Strike
0-2: Foul Ball, location: 2F
0-2: Ball
1-2: Ball
2-2: Foul Ball, location: 2F
2-2: Ground out 4-3 (Groundball, 4M, EV 99.4 MPH)
Batting: LHB Ron de Vos 0-0: Fly out, F8 (Flyball, 8LD, EV 93.1 MPH)
Bottom of the 7th over - 0 runs, 0 hits, 0 errors, 0 left on base; Detroit 3 - London 3
TOP OF THE 8TH
Detroit Red Wings batting - Pitching for London Majors : LHP Kevin Snider
Now in RF: Joy-shan Li
Pinch Hitting: RHB Juan Perez 0-0: Ball
1-0: Foul Ball, location: 2F
1-1: Ball
2-1: Ball
3-1: Foul Ball, location: 2F
3-2: Foul Ball, location: 2F
3-2: SOLO HOME RUN (Flyball, 7D, EV 98.1 MPH), Distance : 369 ft
Batting: RHB Dustin Bursell 0-0: Fly out, F9 (Flyball, 9D, EV 96.9 MPH)
Batting: SHB Franklin Garza 0-0: Ball
1-0: Ball
2-0: Ball
3-0: Foul Ball, location: 2F
3-1: Called Strike
3-2: Base on Balls
Batting: SHB Salvador Lacosta 0-0: Called Strike
0-1: Swinging Strike
0-2: Ball
1-2: Foul Ball, location: 2F
1-2: Ball
2-2: Foul Ball, location: 2F
2-2: Strikes out swinging
Pitching: RHP Nick Ford
Batting: RHB António Scarlett 0-0: Foul Ball, location: 2F
0-1: Foul Ball, location: 2F
0-2: Strikes out swinging
Top of the 8th over - 1 run, 1 hit, 0 errors, 1 left on base; Detroit 4 - London 3
BOTTOM OF THE 8TH
London Majors batting - Pitching for Detroit Red Wings : RHP Andy Strange
Pitching: RHP Malcolm Holz
Now in LF: John Barton
Batting: RHB Mark Noftall 0-0: Ball
1-0: Fly out, F8 (Flyball, 8LXD, EV 83.8 MPH)
Batting: RHB Akira Kubo 0-0: Ball
1-0: Called Strike
1-1: Ball
2-1: Fly out, F8 (Flyball, 8RD, EV 98.8 MPH)
Batting: RHB Brandon Williams 0-0: Foul Ball, location: 2F
0-1: Ball
1-1: Foul Ball, location: 2F
1-2: Ball
2-2: Ball
3-2: Fly out, F8 (Flyball, 8LD, EV 92.5 MPH)
Bottom of the 8th over - 0 runs, 0 hits, 0 errors, 0 left on base; Detroit 4 - London 3
TOP OF THE 9TH
Detroit Red Wings batting - Pitching for London Majors : RHP Nick Ford
Batting: LHB Duda Pinho 0-0: Foul Ball, location: 2F
0-1: Ball
1-1: Ball
2-1: Ground out U3 (Groundball, 3, EV 105.6 MPH)
Batting: RHB Norm Wood 0-0: Foul Ball, location: 2F
0-1: Called Strike
0-2: Ball
1-2: Fly out, F7 (Flyball, 78M, EV 81.9 MPH)
Batting: RHB Jorge Lebron 0-0: Foul Ball, location: 2F
0-1: Fly out, F8 (Line Drive, 8RD, EV 84.4 MPH)
Top of the 9th over - 0 runs, 0 hits, 0 errors, 0 left on base; Detroit 4 - London 3
BOTTOM OF THE 9TH
London Majors batting - Pitching for Detroit Red Wings : RHP Malcolm Holz
Batting: RHB Carlos Murillo 0-0: Ball
1-0: Called Strike
1-1: Ball
2-1: Ground out 4-3 (Groundball, 34, EV 105.6 MPH)
Pinch Hitting: RHB Chad Colyer 0-0: Foul Ball, location: 2F
0-1: Foul Ball, location: 2F
0-2: Ball
1-2: Ball
2-2: Foul Ball, location: 2F
2-2: Ball
3-2: Base on Balls
Pitching: RHP Ramiro Silva
Pinch Hitting: RHB Bruce Ayotte 0-0: Ball
1-0: Foul Ball, location: 2F
1-1: Ball
2-1: Foul Ball, location: 2F
2-2: Foul Ball, location: 2F
2-2: Ground out 5-3 (Groundball, 6S, EV 61.9 MPH)
Chad Colyer to second
Pinch Hitting: SHB Mike Fermin 0-0: Called Strike
0-1: Foul Ball, location: 2F
0-2: Foul Ball, location: 2F
0-2: Strikes out swinging
Bottom of the 9th over - 0 runs, 0 hits, 0 errors, 1 left on base; Detroit 4 - London 3
Thursday, December 15th , 2022 - OOTP Baseball 23.9 Build 102